 Dungeon Crawl Stone Soup version 0.25.0-10-g039870ee82 (webtiles) character file.

Game seed: 14644644436183275705

325 Delamore the Chopper (level 6, 0/53 HPs)
             Began as a Hill Orc Monk on June 22, 2020.
             Slain by an orc
             ... wielding a +0 club
              (2 damage)
             ... on level 3 of the Dungeon.
             The game lasted 00:02:32 (2850 turns).

Delamore the Chopper (Hill Orc Monk)                Turns: 2850, Time: 00:02:33

Health: 0/53       AC:  5    Str: 16    XL:     6   Next: 48%
Magic:  6/6        EV: 12    Int: 10    God:
Gold:   121        SH:  0    Dex: 13    Spells: 5/5 levels left

rFire    . . .     SeeInvis .   a - +0 hand axe
rCold    . . .     Gourm    .   (no shield)
rNeg     . . .     Faith    .   n - +0 ring mail
rPois    .         Spirit   .   (no helmet)
rElec    .         Reflect  .   (no cloak)
rCorr    .         Harm     .   (no gloves)
MR       .....                  (no boots)
Stlth    +.........             (no amulet)
HPRegen  0.17/turn              (no ring)
MPRegen  0.10/turn              (no ring)

@: no status effects
A: no striking features
a: no special abilities


You were on level 3 of the Dungeon.
You were not hungry.

You visited 1 branch of the dungeon, and saw 3 of its levels.

You collected 121 gold pieces.

Inventory:

Hand Weapons
 a - a +0 hand axe (weapon)
Missiles
 o - 22 poisoned darts (quivered)
Armour
 b - a +0 robe
 n - a +0 ring mail (worn)
Jewellery
 k - an uncursed ring of resist corrosion {unknown}
Wands
 e - a wand of enslavement (9)
Scrolls
 f - a scroll of identify {unknown}
 h - 2 scrolls of amnesia {unknown}
 i - a scroll of enchant weapon {unknown}
 l - a scroll of fog {unknown}
 m - a scroll of magic mapping {unknown}
Potions
 d - a potion of might
 j - a potion of magic
Comestibles
 c - 2 rations
 g - 2 chunks of flesh


   Skills:
 - Level 4.7 Fighting
 + Level 7.8 Axes
 - Level 0.7 Armour
 - Level 3.1 Dodging
 - Level 1.9 Stealth


You had 5 spell levels left.
You didn't know any spells.
Your spell library was empty.

Dungeon Overview and Level Annotations

Branches:
Dungeon (3/15)

Altars:


Message History

The orc wizard casts a spell at you. The magic dart hits you.
* * * LOW HITPOINT WARNING * * *
Okay, then.
You hit the orc wizard.
The orc wizard is almost dead.
You hit the orc wizard but do no damage.
The orc wizard begins to cast a cantrip, but forgets the words!
The orc wizard barely misses you.
The orc wizard hits you but does no damage.
Your ring mail prevents you from hitting the orc wizard.
The orc wizard is almost dead.
You hit the orc wizard but do no damage.
The orc wizard barely misses you.
The orc wizard hits you but does no damage. x2
You slash the orc wizard!
You kill the orc wizard!
You closely miss the orc. You hit the orc wizard. The orc wizard misses you.
The orc hits you with a +0 club.
You die...

#....รท(...#
#.........#
#.>.......# #
#.........# .
#.........## .# #
#..........# ####.#.##
#..........###........
#............#)o......
#......[......@o......
##.......##...........
##.....#####.........
####### #....[....
####....## ......
...... #!.<..


You could see an orc wizard (fast) and an orc.

Vanquished Creatures
  A phantom (D:2)
  An ogre (D:2)
  An orc wizard (D:3)
  Ijyb (D:3)
  4 adders (D:2)
  An ooze (D:1)
  A worm (D:2)
  2 dart slugs
  2 leopard geckos
  3 bats (D:2)
  2 giant cockroaches
  4 goblins
  6 hobgoblins
  7 jackals
  A ball python (D:3)
  A frilled lizard (D:2)
  5 kobolds
  4 rats
47 creatures vanquished.

Notes
Turn   | Place    | Note
-------+----------+-------------------------------------------
     0 | D:1      | Delamore the Hill Orc Monk began the quest for the Orb.
     0 | D:1      | Reached XP level 1. HP: 19/19 MP: 1/1
   108 | D:1      | Reached XP level 2. HP: 27/27 MP: 2/2
   273 | D:1      | HP: 1/27 [kobold (2)]
   779 | D:2      | Reached XP level 3. HP: 29/33 MP: 3/3
   844 | D:2      | Noticed a phantom
  1212 | D:2      | Killed a phantom
  1212 | D:2      | Reached skill level 5 in Axes
  1212 | D:2      | Reached XP level 4. HP: 11/41 MP: 4/4
  1212 | D:2      | Reached XP level 5. HP: 12/47 MP: 5/5
  1799 | D:2      | Noticed an ogre
  2107 | D:2      | HP: 2/47 [poisoned by a hobgoblin]
  2114 | D:2      | Killed an ogre
  2114 | D:2      | Reached skill level 6 in Axes
  2114 | D:2      | Reached XP level 6. HP: 32/53 MP: 6/6
  2117 | D:2      | Reached skill level 7 in Axes
  2801 | D:3      | Noticed Ijyb
  2813 | D:3      | Killed Ijyb
  2847 | D:3      | HP: 1/53 [orc wizard/magic dart (2)]
  2850 | D:3      | Slain by an orc

Illustrated notes

Levels and vault maps discovered:
D:1:      scummos_arrival_simple_fountains, layout_rooms, minmay_tromino_mix6
D:2:      kennysheep_big_flooded_room, layout_loops_ring
D:3:      layout_rooms, lemuel_round_altar, first_ration,
          chequers_serial_rivers_marsh, uniq_ijyb

Skill      XL: |  1  2  3  4  5  6 |
---------------+-------------------+-----
Fighting       | 4 |  4.7
Axes           | 5 6 7 |  7.8
Dodging        | 3 |  3.1
Armour         | |  0.7
Stealth        | |  1.9

Action                   |  1- 3 |  4- 6 || total
-------------------------+-------+-------++-------
Melee: Hand axe          |    91 |    98 ||   189
Throw: Dart              |     2 |       ||     2
  Use: Potion            |       |     5 ||     5
 Stab: Sleeping          |     1 |     1 ||     2
  Eat: Chunk             |     1 |     5 ||     6
Armor: Robe              |    10 |       ||    10
       Ring mail         |     4 |    27 ||    31
       Skin              |       |     6 ||     6
Dodge: Dodged            |    63 |    63 ||   126
